 Dungeon Crawl Stone Soup version 0.31-a0-590-g8a5a4361df (webtiles) character file.

Game seed: 11766716561505838093

4604 cforsyth the Prestidigitator (level 10, -4/68 HPs)
             Began as a Gnoll Artificer on Aug 19, 2023.
             Was a Follower of Hepliaklqana.
             Succumbed to an orc wizard's poison
             ... on level 9 of the Dungeon.
             The game lasted 00:17:14 (9827 turns).

cforsyth the Prestidigitator (Gnoll Artificer)      Turns: 9827, Time: 00:17:14

Health: -4/68      AC: 19    Str: 12    XL:     10   Next: 42%
Magic:  18/18      EV: 10    Int: 15    God:    Hepliaklqana [*.....]
Gold:   431        SH:  0    Dex: 12    Spells: 19/19 levels left

rFire   + . .        s - +1 long sword (heavy)
rCold   . . .        (no shield)
rNeg    . . .        I - +0 plate armour
rPois   .            (no helmet)
rElec   .            (no cloak)
rCorr   .            y - +2 pair of gloves
SInv    .            k - +2 pair of boots {rampage}
Will    .....        (no amulet) Stlth
                     B - ring of protection from fire
HPRegen 0.31/turn    A - +5 ring of evasion
MPRegen 0.16/turn

%: rampage
@: lethally poisoned (-4 -> -43), about to teleport, attractive
A: reduced essence, fangs 1, strong nose, distributed training
a: Renounce Religion, Recall Ancestor, Ancestor Identity


You were on level 9 of the Dungeon.
You worshipped Hepliaklqana.
Hepliaklqana was aware of your devotion.
You visited 2 branches of the dungeon, and saw 10 of its levels.

You collected 431 gold pieces.

Inventory:

Hand Weapons
 c - a +2 short sword of draining
 s - a +1 heavy long sword (weapon)
Missiles
 M - a throwing net
Armour
 b - a +0 leather armour
 k - a +2 pair of boots of rampaging (worn)
 y - a +2 pair of gloves (worn)
 I - a +0 plate armour (worn)
Jewellery
 q - a +6 ring of intelligence
 A - a +5 ring of evasion (right hand)
 B - a ring of protection from fire (left hand)
 E - a +5 ring of evasion
 G - a ring of fire
 L - a +4 ring of protection
Wands
 d - a wand of charming (12)
 e - a wand of iceblast (1)
 C - a wand of flame (17)
 F - a wand of digging (4)
 J - a wand of mindburst (5)
Scrolls
 f - 5 scrolls of teleportation
 i - 4 scrolls of identify {unknown}
 l - a scroll of vulnerability {unknown}
 o - a scroll of butterflies
 p - 2 scrolls of poison {unknown}
 r - 5 scrolls of noise {unknown}
 u - a scroll of revelation {unknown}
 w - a scroll of fog {unknown}
 x - 3 scrolls of amnesia
 H - a scroll of enchant armour {unknown}
 K - a scroll of enchant weapon {unknown}
 N - a scroll of fear {unknown}
Potions
 a - a potion of degeneration
 g - a potion of heal wounds {unknown}
 h - 2 potions of attraction
 j - a potion of berserk rage {unknown}
 m - a potion of enlightenment {unknown}
 n - a potion of magic {unknown}
 t - a potion of might {unknown}
 v - a potion of brilliance
 z - a potion of invisibility {unknown}
 D - a potion of mutation {unknown}


   Skills:
 + Level 6.0 Fighting
 + Level 5.3 Short Blades
 + Level 5.3 Long Blades
 + Level 5.3 Axes
 + Level 5.3 Maces & Flails
 + Level 5.3 Polearms
 + Level 5.3 Staves
 + Level 5.3 Ranged Weapons
 + Level 5.3 Throwing
 + Level 7.1 Armour
 + Level 6.0 Dodging
 + Level 5.9 Stealth
 + Level 5.3 Shields
 + Level 5.3 Unarmed Combat
 + Level 5.3 Spellcasting
 + Level 4.4 Conjurations
 + Level 4.4 Hexes
 + Level 4.4 Summonings
 + Level 4.4 Necromancy
 + Level 4.4 Translocations
 + Level 4.4 Transmutations
 + Level 4.4 Fire Magic
 + Level 4.4 Ice Magic
 + Level 4.4 Air Magic
 + Level 4.4 Earth Magic
 + Level 4.4 Poison Magic
 + Level 5.9 Invocations
 + Level 8.5 Evocations
 + Level 4.4 Shapeshifting


You had 19 spell levels left.
You didn't know any spells.
Your spell library contained the following spells:

 Spells                   Type           Power      Damage    Failure   Level
 Necrotise                Necr           68%        1d7       96%         1
 Slow                     Hex            68%        N/A       96%         1
 Confusing Touch          Hex            17%        N/A       100%        3
 Summon Guardian Golem    Hex/Summ       17%        N/A       100%        3
 Vampiric Draining        Necr           17%        2d7       100%        3
 Agony                    Necr           17%        N/A       100%        5
 Orb of Destruction       Conj           8%         9d6       100%        7
 Spellforged Servitor     Conj/Summ      8%         N/A       100%        7


Dungeon Overview and Level Annotations

Branches:
Dungeon (9/15)             Temple (1/1) D:5            Lair (0/5) D:8
    Orc (0/2) D:9

Altars:
Ashenzari
Cheibriados
Dithmenos
Elyvilon
Fedhas
Gozag
Hepliaklqana
Kikubaaqudgha
Makhleb
Nemelex Xobeh
Okawaru
Qazlal
Ru
Sif Muna
Trog
Uskayaw
Vehumet
Wu Jian
Xom
Yredelemnul
Zin
The Shining One

Shops:
D:4 *


Innate Abilities, Weirdness & Mutations

Your life essence is reduced to manifest your ancestor. (-10% HP)
You have very sharp teeth.
Your uncanny sense of smell can sniff out nearby items.
Your experience applies equally to all skills.


Message History

Something hits you but does no damage.
You are more poisoned.
The bullfrog hits you. The orc barely misses you.
Something hits you but does no damage.
You are more poisoned.
The orc barely misses you.
You completely miss the bullfrog.
The bullfrog is heavily wounded.
You feel extremely sick.
The bullfrog hits you but does no damage.
The orc barely misses you. The orc closely misses you.
The bullfrog barely misses you. Something hits you but does no damage.
You are lethally poisoned!
You are too injured to fight recklessly!
You are too injured to fight recklessly!
You are too injured to fight recklessly!
You are too injured to fight recklessly!
You are too injured to fight recklessly!
You are too injured to fight recklessly!
You are too injured to fight recklessly!
You are too injured to fight recklessly!
As you read the scroll of teleportation, it crumbles to dust.
You feel strangely unstable.
* * * LOW HITPOINT WARNING * * *
You feel extremely sick. The bullfrog closely misses you.
The orc hits you but does no damage. The orc hits you with a +0 morningstar.
* * * LOW HITPOINT WARNING * * *
Something hits you but does no damage.
You are more poisoned.
The bullfrog hits you but does no damage.
The orc attacks as you move away! The orc hits you but does no damage.
* * * LOW HITPOINT WARNING * * *
You feel extremely sick. The orc hits you but does no damage.
Something hits you but does no damage.
You are more poisoned.
The orc hits you but does no damage.
It was a potion of attraction.
You feel attractive to monsters.
You die...

........O.<...##########
###########...########
......................
......................
...............#######
#############..##########
#############............
.........................
.<.<............@o.....?[
################.o.......
#F.)...... #.........
.......... ...........
#........... #...........
#...?.......


You could see a bullfrog and 2 orcs.

Vanquished Creatures
  A two-headed ogre (D:9)
  A hornet (D:7)
  Grinder (D:3)
  Sigmund (D:5)
  Eustachio (D:6)
  2 steam dragons
  2 ice beasts
  3 orc warriors
  4 sky beasts
  3 centaurs
  A bullfrog (D:8)
  2 kobold brigands
  A gnoll sergeant (D:9)
  4 scorpions
  A wight (D:8)
  A killer bee (D:8)
  A howler monkey (D:4)
  4 crimson imps (D:5)
  A hound (D:5)
  2 jellies
  3 orc priests
  3 iguanas
  4 orc wizards
  A mummy (D:4)
  7 gnolls
  6 adders
  A shadow imp (D:8)
  2 white imps (D:6)
  An ufetubus (D:5)
  2 worms
  4 dart slugs
  25 orcs
  6 endoplasms
  2 giant cockroaches
  9 goblins
  9 hobgoblins
  6 jackals
  15 kobolds
  A quokka (D:4)
  7 ball pythons
  7 bats
  3 frilled lizards
  4 rats
165 creatures vanquished.

Vanquished Creatures (collateral kills)
  A wraith (D:9)
  A bullfrog (D:9)
  3 wights
  3 killer bees (D:8)
  An orc priest (D:9)
  3 orc wizards
  2 gnolls (D:2)
  A white imp (D:7)
  5 orcs
  An endoplasm (D:2)
21 creatures vanquished.

Vanquished Creatures (others)
  2 killer bees (D:8)
  2 howler monkeys (D:8)
  An orc wizard (D:9)
  4 ancestors (D:9)
  A gnoll (D:2)
10 creatures vanquished.

Grand Total: 196 creatures vanquished

Notes
Turn   | Place    | Note
-------+----------+-------------------------------------------
     0 | D:1      | cforsyth the Gnoll Artificer began the quest for the Orb.
     0 | D:1      | Reached XP level 1. HP: 17/17 MP: 1/1
   144 | D:1      | Reached XP level 2. HP: 20/23 MP: 2/2
   355 | D:1      | Reached XP level 3. HP: 28/28 MP: 3/3
   807 | D:2      | Reached skill level 1 in Invocations
  1096 | D:1      | Reached skill level 1 in Short Blades
  1096 | D:1      | Reached skill level 1 in Long Blades
  1096 | D:1      | Reached skill level 1 in Axes
  1096 | D:1      | Reached skill level 1 in Maces & Flails
  1096 | D:1      | Reached skill level 1 in Polearms
  1096 | D:1      | Reached skill level 1 in Staves
  1096 | D:1      | Reached skill level 1 in Ranged Weapons
  1096 | D:1      | Reached skill level 1 in Throwing
  1096 | D:1      | Reached skill level 1 in Shields
  1096 | D:1      | Reached skill level 1 in Unarmed Combat
  1096 | D:1      | Reached skill level 1 in Spellcasting
  1304 | D:2      | Reached XP level 4. HP: 30/34 MP: 5/5
  1560 | D:2      | Reached skill level 1 in Conjurations
  1560 | D:2      | Reached skill level 1 in Hexes
  1560 | D:2      | Reached skill level 1 in Summonings
  1560 | D:2      | Reached skill level 1 in Necromancy
  1560 | D:2      | Reached skill level 1 in Translocations
  1560 | D:2      | Reached skill level 1 in Transmutations
  1560 | D:2      | Reached skill level 1 in Fire Magic
  1560 | D:2      | Reached skill level 1 in Ice Magic
  1560 | D:2      | Reached skill level 1 in Air Magic
  1560 | D:2      | Reached skill level 1 in Earth Magic
  1560 | D:2      | Reached skill level 1 in Poison Magic
  1560 | D:2      | Reached skill level 1 in Shapeshifting
  1930 | D:2      | Reached XP level 5. HP: 36/40 MP: 6/6
  2261 | D:3      | Noticed an air elemental
  2263 | D:3      | Found a stormy altar of Qazlal.
  2265 | D:3      | Noticed a fire elemental
  2265 | D:3      | Noticed a water elemental
  2267 | D:3      | Noticed an ice beast
  2278 | D:3      | Killed an ice beast
  2619 | D:3      | Reached XP level 6. HP: 22/47 MP: 8/8
  3084 | D:3      | Noticed Grinder
  3084 | D:3      | Paralysed by Grinder for 2 turns
  3099 | D:3      | Paralysed by Grinder for 3 turns
  3112 | D:3      | Killed Grinder
  3113 | D:3      | Reached skill level 5 in Armour
  3266 | D:4      | Reached skill level 7 in Evocations
  3266 | D:4      | Reached XP level 7. HP: 14/52 MP: 10/10
  3450 | D:4      | Found a blossoming altar of Fedhas.
  3586 | D:4      | Found an iron altar of Okawaru.
  3840 | D:4      | Found a bloodstained altar of Trog.
  3864 | D:4      | Found Xofaog Vewu's Neck Hole.
  4160 | D:4      | Found a snail-covered altar of Cheibriados.
  4317 | D:5      | Entered Level 5 of the Dungeon
  4476 | D:5      | Noticed Sigmund
  4482 | D:5      | Killed Sigmund
  4488 | D:5      | Reached XP level 8. HP: 48/60 MP: 10/12
  4564 | D:5      | You fall into a shaft and drop 3 floors!
  4930 | D:8      | Found a white marble altar of Elyvilon.
  4999 | D:7      | Noticed a hornet
  5075 | D:5      | Found a shimmering altar of Xom.
  5670 | D:5      | Found a staircase to the Ecumenical Temple.
  5685 | D:5      | Found a burning altar of Makhleb.
  5762 | Temple   | Entered the Ecumenical Temple
  5780 | Temple   | Became a worshipper of Hepliaklqana the Forgotten
  6249 | D:6      | Reached XP level 9. HP: 34/66 MP: 14/14
  6859 | D:6      | Noticed Eustachio
  6868 | D:6      | Killed Eustachio
  7104 | D:6      | Reached skill level 5 in Fighting
  7104 | D:6      | Reached skill level 5 in Dodging
  7174 | D:6      | Reached * piety under Hepliaklqana
  7579 | D:7      | Reached skill level 5 in Stealth
  7586 | D:7      | Reached skill level 8 in Evocations
  7792 | D:7      | Found a hide-covered altar of Uskayaw.
  7964 | D:7      | Reached skill level 5 in Invocations
  8211 | D:7      | Found a basalt altar of Yredelemnul.
  8557 | D:8      | Found a staircase to the Lair.
  8672 | D:8      | Found a shimmering blue altar of Sif Muna.
  8879 | D:8      | Found a glowing silver altar of Zin.
  8965 | D:9      | Reached XP level 10. HP: 67/67 MP: 17/17
  8986 | D:9      | Reached skill level 5 in Short Blades
  8986 | D:9      | Reached skill level 5 in Long Blades
  8986 | D:9      | Reached skill level 5 in Axes
  8986 | D:9      | Reached skill level 5 in Maces & Flails
  8986 | D:9      | Reached skill level 5 in Polearms
  8986 | D:9      | Reached skill level 5 in Staves
  8986 | D:9      | Reached skill level 5 in Ranged Weapons
  8986 | D:9      | Reached skill level 5 in Throwing
  8986 | D:9      | Reached skill level 5 in Shields
  8986 | D:9      | Reached skill level 5 in Unarmed Combat
  8986 | D:9      | Reached skill level 5 in Spellcasting
  9033 | D:9      | Noticed a two-headed ogre
  9198 | D:9      | Found a staircase to the Orcish Mines.
  9698 | D:9      | Killed a two-headed ogre
  9827 | D:9      | Succumbed to an orc wizard's poison

Illustrated notes

Levels and vault maps discovered:
D:1:      minmay_arrival_shattered_statue, layout_basic,
          hangedman_feature_mirror, minmay_crystal_room
D:2:      layout_basic, st_stairs_12
D:3:      layout_loops_ring, nicolae_qazlal_style_of_elements,
          minmay_surrounded, uniq_grinder
D:4:      layout_basic, chei_slow_surprise, kennysheep_little_box,
          fedhas_altar_fruit_tree, lemuel_round_altar, chequers_mini_garden,
          nicolae_shop_sticking_my_neck_out
D:5:      layout_layer_cave, mainiacjoe_overflow_concentric_impassable,
          led_xom_imps, temple_fountains, uniq_sigmund
D:6:      layout_loops_corners, uniq_eustachio
D:7:      layout_basic, mainiacjoe_overflow_surrounded_room, lemuel_doored_altar
D:8:      layout_cave_pools, mainiacjoe_overflow_six_doors_small,
          mainiacjoe_overflow_catwalk, led_sif_pool, lair_entry_dummy
D:9:      layout_long_grid, david_orc_3
Temple:   chequers_temple_sunken

Skill      XL: |  1  2  3  4  5  6  7  8  9 10 |
---------------+-------------------------------+-----
Invocations    | 1 2 3 4 5 |  5.9
Short Blades   | 1 2 3 4 5 |  5.3
Long Blades    | 1 2 3 4 5 |  5.3
Axes           | 1 2 3 4 5 |  5.3
Maces & Flails | 1 2 3 4 5 |  5.3
Polearms       | 1 2 3 4 5 |  5.3
Staves         | 1 2 3 4 5 |  5.3
Ranged Weapons | 1 2 3 4 5 |  5.3
Throwing       | 1 2 3 4 5 |  5.3
Shields        | 1 2 3 4 5 |  5.3
Unarmed Combat | 1 2 3 4 5 |  5.3
Spellcasting   | 1 2 3 4 5 |  5.3
Conjurations   | 1 2 3 4 |  4.4
Hexes          | 1 2 3 4 |  4.4
Summonings     | 1 2 3 4 |  4.4
Necromancy     | 1 2 3 4 |  4.4
Translocations | 1 2 3 4 |  4.4
Transmutations | 1 2 3 4 |  4.4
Fire Magic     | 1 2 3 4 |  4.4
Ice Magic      | 1 2 3 4 |  4.4
Air Magic      | 1 2 3 4 |  4.4
Earth Magic    | 1 2 3 4 |  4.4
Poison Magic   | 1 2 3 4 |  4.4
Shapeshifting  | 1 2 3 4 |  4.4
Fighting       | 3 4 5 6 |  6.0
Dodging        | 3 4 5 6 |  6.0
Stealth        | 3 4 5 |  5.9
Armour         | 5 6 7 |  7.1
Evocations     | 7 8 |  8.5

Action                     |  1- 3 |  4- 6 |  7- 9 | 10-12 || total
---------------------------+-------+-------+-------+-------++-------
  Melee: Club              |   134 |    54 |       |       ||   188
         Bite              |    14 |    12 |    30 |    10 ||    66
         Long sword        |       |    73 |   288 |    60 ||   421
         Punch             |       |       |     3 |     3 ||     6
 Invoke: Recall Ancestor   |       |       |     1 |       ||     1
  Evoke: Wand              |     6 |    14 |    14 |     4 ||    38
    Use: Scroll            |       |       |     3 |     1 ||     4
         Potion            |       |       |     6 |     1 ||     7
   Stab: Sleeping          |     1 |     5 |    10 |       ||    16
         Distracted        |       |       |     1 |     1 ||     2
 Armour: Leather armour    |    99 |    63 |   121 |       ||   283
         Plate armour      |       |       |    67 |   121 ||   188
  Dodge: Dodged            |   158 |   111 |   377 |    65 ||   711

Table legend: (Time is in decaauts)
 A = Elapsed time spent in this place.
 B = Non-inter-level travel time spent in this place.
 C = Inter-level travel time spent in this place.
 D = Time resting spent in this place.
 E = Time spent auto-exploring this place.
 F = Levels seen in this place.
 G = Mean time per level.
                   A        B        C        D        E       F      G
               +--------+--------+--------+--------+--------+-----+--------+
         Total |  10263 |   9900 |    363 |    681 |   7127 |  10 | 1026.3 |
       Dungeon |  10220 |   9877 |    343 |    681 |   7127 |   9 | 1135.6 |
        Temple |     42 |     23 |     19 |      0 |      0 |   1 |   42.0 |
               +--------+--------+--------+--------+--------+-----+--------+

Top non-repeatable levels by time:
     D:5: 1481 daAuts
     D:6: 1380 daAuts
     D:2: 1329 daAuts
     D:8: 1297 daAuts
     D:4: 1117 daAuts
     D:3: 1029 daAuts
     D:1: 997 daAuts
     D:7: 898 daAuts
     D:9: 688 daAuts
  Temple: 42 daAuts
